 Dungeon Crawl Stone Soup version 0.31-a0-149-g3fdcc5976a (webtiles) character file.

Game seed: 10060282032435396359

1983 jlumianski the Ducker (level 9, 0/62 HPs)
             Began as a Djinni Fire Elementalist on June 7, 2023.
             Was an Initiate of Makhleb.
             Slain by Joseph
             ... wielding a +0 quarterstaff
              (12 damage)
             ... on level 7 of the Dungeon.
             The game lasted 00:36:20 (6304 turns).

jlumianski the Ducker (Djinni Fire Elementalist)    Turns: 6304, Time: 00:36:22

Health: 0/62       AC:  4    Str:  7    XL:     9   Next: 44%
Gold:   385        EV: 14    Int: 22    God:    Makhleb [......] SH:  0 Dex: 16

rFire   + + .        j - staff of conjuration
rCold   . . .        (no shield)
rNeg    . . .        r - +0 leather armour "Uthanom" {rC+ Dex+3 Slay+4}
rPois   ∞            q - +0 helmet
rElec   .            (no cloak)
rCorr   .            (no gloves)
SInv    .            (boots unavailable)
Will    ++...        (no amulet)
Stlth   ++           b - +4 ring of slaying
HPRegen 0.30/turn    D - ring of willpower
MPRegen 0.00/turn

%: clarity, infuse magic (-1 HP)
@: flying
A: sickness immunity, fire resistance 2, cold vulnerability 1, float, innate
caster, HP casting, extra vitality 1, clarity, strong-willed 1
a: Renounce Religion


You were on level 7 of the Dungeon.
You worshipped Makhleb.
Makhleb was noncommittal.
You visited 1 branch of the dungeon, and saw 7 of its levels.
You also visited: Sewer.

You collected 385 gold pieces.

Inventory:

Hand Weapons
 e - a +4 whip
 n - a +0 whip of electrocution
 A - a +1 sling of freezing
 G - a +2 short sword of freezing
Missiles
 f - 6 javelins
 i - 21 poisoned darts (quivered)
 z - a boomerang
 E - a curare-tipped dart
Armour
 a - a +0 robe
 q - a +0 helmet (worn)
 r - the +0 leather armour "Uthanom" (worn) {rC+ Dex+3 Slay+4}
   (You found it on level 2 of the Dungeon)

   Dex:       It affects your dexterity (+3).
   Slay:      It affects your accuracy & damage with ranged weapons and melee
   (+4).
   rC:        It protects you from cold.
Magical Staves
 j - a staff of conjuration (weapon)
Jewellery
 b - a +4 ring of slaying (left hand)
 h - a ring of see invisible
 D - a ring of willpower (right hand)
Wands
 v - a wand of paralysis (24)
 x - a wand of roots (6)
 y - a wand of mindburst (4)
 F - a wand of acid (8)
 H - a wand of flame (11)
Scrolls
 d - a scroll of torment
 g - 2 scrolls of magic mapping
 k - a scroll of fear
 l - 2 scrolls of poison
 o - a scroll of vulnerability {unknown}
 p - a scroll of amnesia {unknown}
 t - a scroll of teleportation
 w - a scroll of fog {unknown}
Potions
 c - 2 potions of heal wounds
 m - 2 potions of degeneration
 s - a potion of might
 u - 7 potions of curing
 B - a potion of berserk rage {unknown}
 C - a potion of lignification {unknown}
 I - a potion of cancellation {unknown}


   Skills:
 + Level 3.7 Fighting
 + Level 2.6(3.3) Maces & Flails
 + Level 3.4(4.0) Staves
 + Level 4.1 Armour
 + Level 5.8 Dodging
 + Level 4.1 Stealth
 * Level 4.3 Spellcasting
 * Level 4.3 Conjurations
 * Level 4.3 Hexes
 * Level 4.3 Summonings
 * Level 4.3 Necromancy
 * Level 4.3 Translocations
 * Level 4.3 Transmutations
 * Level 4.3 Fire Magic
 * Level 4.3 Ice Magic
 * Level 4.3 Air Magic
 * Level 4.3 Earth Magic
 * Level 4.3 Poison Magic
 * Level 3.1 Invocations


You knew the following spells:

 Your Spells              Type           Power      Damage    Failure   Level
a - Foxfire               Conj/Fire      100%       2x1d9     2%          1
b - Scorch                Fire           48%        2d7       4%          2
c - Volatile Blastmotes   Fire/Tloc      48%        2d14      8%          3
d - Inner Flame           Hex/Fire       24%        N/A       8%          3
e - Flame Wave            Conj/Fire      36%        2d10      26%         4
f - Slow                  Hex            96%        N/A       2%          1
g - Static Discharge      Conj/Air       72%        2-5/arc   4%          2
h - Portal Projectile     Hex/Tloc       48%        N/A       8%          3
i - Petrify               Tmut/Erth      24%        N/A       26%         4
Your spell library was empty.

Dungeon Overview and Level Annotations

Branches:
Dungeon (7/15)             Temple (0/1) D:7           Sewer (visited)

Altars:
Makhleb

Shops:
D:2 *

Annotations:
D:1 Terence
D:7 Joseph


Innate Abilities, Weirdness & Mutations

You are immune to sickness and miasma.
You are immune to poison.
Your flesh is very heat resistant. (rF++)
You are vulnerable to cold. (rC-)
You float through the air rather than walking.
You learn spells naturally, not from books.
Your magical power is your life essence.
You have superior vitality. (+4 MHP)
You possess an exceptional clarity of mind.
You are strong-willed. (Will+)


Message History

The orc shouts!
The foxfire hits the orc.
The orc is severely wounded.
The foxfire hits the orc.
You kill the orc!
Makhleb accepts your kill.
There is a stone staircase leading up here.
Joseph, a Mercenary comes into view.
He is wielding a +0 quarterstaff and wearing a +2 leather armour of poison resistance.
Found a scroll labelled EDOUKE KEUMYDD.
Joseph shouts!
Casting: Foxfire (safe; 2% risk of failure)
Confirm with . or Enter, or press ? or * to list all spells.
Okay, then.
Casting: Foxfire (safe; 2% risk of failure)
Confirm with . or Enter, or press ? or * to list all spells.
You feel a surge of power!
You conjure some foxfire!
Joseph unwields a +0 quarterstaff.
Joseph wields a +0 sling.
Joseph shoots a sling bullet.
The sling bullet barely misses you. The sling bullet hits your foxfire!!
Found a great sword.
Found a staircase to the Ecumenical Temple.
The foxfire hits Joseph.
Joseph is lightly wounded.
The foxfire hits Joseph.
Joseph is lightly wounded.
Joseph shoots a sling bullet.
The sling bullet hits you!
Joseph shoots a sling bullet.
The sling bullet hits you!
Found a morningstar.
Joseph shoots a sling bullet.
The sling bullet hits you.
Joseph shoots a sling bullet.
The sling bullet hits you!
Joseph unwields a +0 sling.
Joseph wields a +0 quarterstaff.
Joseph hits you with a +0 quarterstaff!
* * * LOW HITPOINT WARNING * * *
Casting: Foxfire (safe; 2% risk of failure)
Confirm with . or Enter, or press ? or * to list all spells.
Flames lash Joseph.
Joseph is lightly wounded.
Joseph's fire resistance burns away.
* * * LOW HITPOINT WARNING * * *
Joseph hits you with a +0 quarterstaff!
You die...

##.###.............#
#.......#####..##.#
######.........# #
#.#####...#...
####.#####.#.......
...).............##
###.....###.##.##
#~~~~~~~~~#.# .#
#~#.@@..#~#.# #
#..~.......~..#
#..~.......~..#
#..~...>...~..# ##
#..~.......~.... ..
#..~.......~).#. .#
..#~#.....#~#.. .#
..#~~~~~~~~~#.. .#


You could see Joseph (combustible).

Vanquished Creatures
  Eustachio (D:5)
  3 water moccasins
  An ice beast (D:6)
  2 ogres
  A centaur (D:6)
  2 kobold brigands
  3 scorpions
  A necrophage (D:4)
  3 wights (D:6)
  A crimson imp (D:4)
  2 jellies
  An orc priest (D:5)
  A hound (D:4)
  Jessica (D:2)
  2 sleepcaps
  Ijyb (D:4)
  2 iguanas (D:5)
  An orc wizard (D:5)
  A hound skeleton (D:4)
  Robin (D:2)
  8 gnolls
  7 adders
  2 shadow imps
  A white imp (D:4)
  An ufetubus (D:5)
  A worm (D:4)
  3 dart slugs
  The ghost of comborobin the Sneak, a weakling DEDe (D:3)
  11 orcs
  11 ball pythons
  6 endoplasms
  7 giant cockroaches
  12 goblins
  11 hobgoblins
  6 jackals
  18 kobolds
  2 quokkas
  6 bats
  6 frilled lizards
  11 rats
162 creatures vanquished.

Vanquished Creatures (others)
  356 foxfires
356 creatures vanquished.

Grand Total: 518 creatures vanquished

Notes
Turn   | Place    | Note
-------+----------+-------------------------------------------
     0 | D:1      | jlumianski the Djinni Fire Elementalist began the quest for
                  | the Orb.
     0 | D:1      | jlumianski set off with the following spells memorised:
                  | Foxfire, Scorch, Volatile Blastmotes, Inner Flame, Flame
                  | Wave.
     0 | D:1      | Reached XP level 1. HP: 15/15 MP: 0/0
    46 | D:2      | Noticed Jessica
    74 | D:1      | Reached XP level 2. HP: 19/21 MP: 0/0
   414 | D:1      | Found Sayba's Armour Shoppe.
   434 | D:1      | Reached XP level 3. HP: 24/25 MP: 0/0
   434 | D:1      | Learned a level 1 spell: Slow
   514 | D:1      | Reached skill level 3 in Dodging
   582 | D:2      | Reached XP level 4. HP: 23/31 MP: 0/0
   927 | D:2      | Found Rets's Assorted Antiques.
   962 | D:2      | Killed Jessica
   964 | D:2      | Noticed Terence
  1512 | D:2      | Reached XP level 5. HP: 36/36 MP: 0/0
  1512 | D:2      | Learned a level 2 spell: Static Discharge
  1514 | D:2      | Noticed Robin
  1547 | D:2      | Killed Robin
  1594 | D:2      | Identified the +0 leather armour "Uthanom" {rC+ Dex+3
                  | Slay+4}
  1771 | D:4      | Gained mutation: You are strong-willed. (Will+) [potion of
                  | mutation]
  1771 | D:4      | Gained mutation: You possess an exceptional clarity of
                  | mind. [potion of mutation]
  1795 | D:4      | Noticed an ogre
  1805 | D:4      | Killed an ogre
  1806 | D:4      | Reached skill level 1 in Fighting
  1806 | D:4      | Reached skill level 1 in Maces & Flails
  1806 | D:4      | Reached skill level 4 in Dodging
  1806 | D:4      | Reached XP level 6. HP: 25/42 MP: 0/0
  1819 | D:4      | Found a glowing drain.
  1829 | Sewer    | Entered a sewer
  1914 | Sewer    | Noticed a water moccasin
  1922 | Sewer    | Killed a water moccasin
  1923 | Sewer    | Reached skill level 1 in Armour
  2229 | D:3      | Reached XP level 7. HP: 39/48 MP: 0/0
  2229 | D:3      | Learned a level 3 spell: Portal Projectile
  2438 | D:3      | Found a runed translucent gate.
  2439 | D:3      | Noticed comborobin's ghost (weakling DEDe)
  2441 | D:3      | Found a runed translucent gate.
  2441 | D:3      | Found a runed translucent gate.
  2465 | D:3      | Killed comborobin's ghost
  3495 | D:4      | Found a burning altar of Makhleb.
  3514 | D:4      | Became a worshipper of Makhleb the Destroyer
  3561 | D:4      | Noticed Ijyb
  3569 | D:4      | Killed Ijyb
  3606 | D:5      | Entered Level 5 of the Dungeon
  3606 | D:5      | Noticed Eustachio
  3624 | D:5      | Reached skill level 1 in Staves
  3628 | D:5      | Reached XP level 8. HP: 44/55 MP: 0/0
  4579 | D:5      | Killed Eustachio
  4580 | D:5      | Reached skill level 5 in Dodging
  5493 | D:6      | Reached skill level 1 in Invocations
  5493 | D:6      | Reached XP level 9. HP: 60/61 MP: 0/0
  5493 | D:6      | Learned a level 4 spell: Petrify
  6296 | D:7      | Noticed Joseph
  6299 | D:7      | Found a staircase to the Ecumenical Temple.
  6304 | D:7      | Slain by Joseph

Illustrated notes

Levels and vault maps discovered:
D:1:      spicycebolla_green_bress_n_ham_2, layout_basic, serial_shops, shop
D:2:      layout_rooms, serial_shops, shop, kennysheep_generic_room_14,
          uniq_jessica, uniq_robin, uniq_terence
D:3:      layout_loops_corners, gammafunk_ghost_nasty_kobolds
D:4:      layout_cave_pools, makhleb_blood_cavern_becter,
          cheibrodos_sewer_entry_drain, minmay_fire_ice_demons, uniq_ijyb
D:5:      layout_loops_ring, grunt_ministairs_3, st_stairs_5, uniq_eustachio
D:6:      layout_basic
D:7:      layout_loops_ring, minmay_temple_entry_water_ring, uniq_joseph

Skill      XL: |  1  2  3  4  5  6  7  8  9 |
---------------+----------------------------+-----
Spellcasting   | 4 |  4.3
Conjurations   | 4 |  4.3
Hexes          | 4 |  4.3
Summonings     | 4 |  4.3
Necromancy     | 4 |  4.3
Translocations | 4 |  4.3
Transmutations | 4 |  4.3
Fire Magic     | 4 |  4.3
Ice Magic      | 4 |  4.3
Air Magic      | 4 |  4.3
Earth Magic    | 4 |  4.3
Poison Magic   | 4 |  4.3
Stealth        | 2 3 4 |  4.1
Dodging        | 3 4 5 |  5.8
Fighting       | 1 2 3 |  3.7
Maces & Flails | 1 2 |  2.6
Armour         | 1 2 3 4 |  4.1
Staves         | 1 3 |  3.4
Invocations    | 1 3 |  3.1

Action                     |  1- 3 |  4- 6 |  7- 9 || total
---------------------------+-------+-------+-------++-------
  Melee: Whip              |    11 |    28 |       ||    39
         Staff             |       |     5 |    80 ||    85
         Punch             |       |       |     1 ||     1
   Cast: Foxfire           |    25 |    64 |   114 ||   203
         Scorch            |     4 |     3 |    21 ||    28
         Slow              |     1 |     3 |     1 ||     5
         Volatile Blastmot |       |     2 |     5 ||     7
         Static Discharge  |       |     1 |     4 ||     5
    Use: Potion            |       |     6 |     1 ||     7
         Scroll            |       |     5 |     2 ||     7
   Stab: Sleeping          |       |     2 |     2 ||     4
 Armour: Robe              |     8 |     2 |       ||    10
         Leather armour    |       |     7 |    37 ||    44
  Dodge: Dodged            |    29 |    40 |   143 ||   212

Table legend: (Time is in decaauts)
 A = Elapsed time spent in this place.
 B = Non-inter-level travel time spent in this place.
 C = Inter-level travel time spent in this place.
 D = Time resting spent in this place.
 E = Time spent auto-exploring this place.
 F = Levels seen in this place.
 G = Mean time per level.
                   A        B        C        D        E       F      G
               +--------+--------+--------+--------+--------+-----+--------+
         Total |   6327 |   6021 |    306 |    623 |   3407 |   8 |  790.9 |
       Dungeon |   6145 |   5839 |    306 |    580 |   3352 |   7 |  877.9 |
         Sewer |    181 |    181 |      0 |     43 |     55 |   1 |  181.0 |
               +--------+--------+--------+--------+--------+-----+--------+

Top non-repeatable levels by time:
     D:5: 1212 daAuts
     D:3: 1143 daAuts
     D:4: 1033 daAuts
     D:6: 946 daAuts
     D:1: 908 daAuts
     D:2: 816 daAuts
   Sewer: 181 daAuts
     D:7: 84 daAuts
